 Dungeon Crawl Stone Soup version 0.27-a0-1177-g245c70e1c0 (webtiles) character file.

Game seed: 1237000116331275986

601 polve the Ruffian (level 7, -4/49 (52) HPs)
             Began as a Demonspawn Abyssal Knight on May 16, 2021.
             Was a Priest of Lugonu.
             Slain by a wight
             ... wielding a +4 great sword
              (12 damage)
             ... on level 5 of the Dungeon.
             The game lasted 00:06:15 (5048 turns).

polve the Ruffian (Demonspawn Abyssal Knight)       Turns: 5048, Time: 00:06:16

HP:   -4/49 (52)    AC: 15    Str: 15    XL:     7   Next: 18%
MP:   0/8           EV:  6    Int: 13    God:    Lugonu [***...]
Gold: 251           SH:  0    Dex: 12    Spells: 6/6 levels left

rFire    + . .     SeeInvis .     - Unarmed
rCold    . . .     Faith    .   (no shield)
rNeg     . . .     Spirit   +   v - +0 chain mail
rPois    .         Reflect  .   c - +0 helmet
rElec    .         Harm     .   B - +2 cloak
rCorr    .         Rampage  .   l - +0 pair of gloves
Will     .....                  (no boots)
Stlth    ..........             A - amulet of guardian spirit
HPRegen  0.16/turn              d - ring of fire
MPRegen  0.11/turn              i - ring of protection from cold

@: flying, drained
A: claws 1, yellow scales 1, ignite blood 1, powered by death 1
a: Renounce Religion, Depart the Abyss, Bend Space, Banish


You were on level 5 of the Dungeon.
You worshipped Lugonu.
Lugonu was most pleased with you.
You visited 1 branch of the dungeon, and saw 5 of its levels.
You visited the Abyss 1 time.
You also visited: Sewer.

You collected 251 gold pieces.

Inventory:

Hand Weapons
 e - a +4 whip of flaming
 q - a +2 dagger of draining
Missiles
 k - a throwing net
 u - 2 curare-tipped darts
 C - 5 atropa-tipped darts
Armour
 b - a +0 leather armour
 c - a +0 helmet (worn)
 l - a +0 pair of gloves (worn)
 v - a +0 chain mail (worn)
 B - a +2 cloak (worn)
Jewellery
 d - a ring of fire (left hand)
 i - a ring of protection from cold (right hand)
 A - an amulet of guardian spirit (around neck)
 H - a ring of flight
Wands
 D - a wand of mindburst (15)
Scrolls
 a - a scroll of brand weapon {unknown}
 h - a scroll of blinking {unknown}
 j - a scroll of vulnerability {unknown}
 m - a scroll of noise {unknown}
 o - a scroll of silence {unknown}
 p - 2 scrolls of amnesia {unknown}
 r - 4 scrolls of identify {unknown}
 w - 3 scrolls of enchant armour {unknown}
 x - 2 scrolls of fear {unknown}
 y - 2 scrolls of teleportation
 z - a scroll of enchant weapon {unknown}
 E - a scroll of holy word {unknown}
Potions
 f - 2 potions of flight
 g - a potion of haste {unknown}
 n - a potion of berserk rage {unknown}
 s - a potion of lignification {unknown}
 t - 2 potions of magic {unknown}
 F - 2 potions of degeneration {unknown}
 G - a potion of heal wounds {unknown}
 I - 2 potions of curing {unknown}


   Skills:
 - Level 3.0 Fighting
 - Level 4.0 Short Blades
 - Level 1.7 Armour
 - Level 0.8 Dodging
 + Level 5.9 Unarmed Combat
 - Level 2.4 Invocations


You had 6 spell levels left.
You didn't know any spells.
Your spell library contained the following spells:

 Spells                   Type           Power      Damage    Failure   Level
 Animate Skeleton         Necr           0%         N/A       100%        1
 Apportation              Tloc           0%         N/A       100%        1
 Beastly Appendage        Tmut           0%         N/A       100%        1
 Corona                   Hex            0%         N/A       100%        1
 Summon Small Mammal      Summ           0%         N/A       100%        1
 Wereblood                Tmut           0%         N/A       100%        2
 Spider Form              Tmut/Pois      0%         N/A       100%        3
 Ice Form                 Ice/Tmut       0%         N/A       100%        4
 Hydra Form               Tmut           0%         N/A       100%        5


Dungeon Overview and Level Annotations

Branches:
Dungeon (5/15)             Temple (0/1) D:5           Sewer (visited)

Altars:
Gozag
Makhleb
Nemelex Xobeh
Qazlal
Uskayaw

Shops:
D:1 ?   D:2 *   D:5 (

Annotations:
D:5 2 transporters


Innate Abilities, Weirdness & Mutations

You have sharp fingernails.
You are partially covered in yellow scales. (AC +2)
Your demonic aura sometimes causes spilled blood to erupt in flames.
You regenerate a little health from kills.


Message History

The adder closely misses you.
You punch the adder!
The adder is almost dead.
The adder bites you but does no damage.
You closely miss the adder.
The adder is severely wounded.
The adder completely misses you.
You punch the adder!
You kill the adder!
Lugonu accepts your kill.
You closely miss the wight.
The wight is moderately damaged.
You closely miss the wight. You barely miss the wight.
The wight barely misses you.
You hit the wight.
The wight is lightly damaged.
The wight hits you but does no damage.
You hit the wight.
The wight is heavily damaged.
The wight barely misses you.
You closely miss the wight.
The wight is heavily damaged.
The wight closely misses you.
You hit the wight.
The wight is severely damaged.
The wight hits you with a +4 great sword!
You hit the wight.
The wight is almost destroyed.
The wight hits you with a +4 great sword!
You hit the wight but do no damage.
The wight is almost destroyed.
The wight hits you with a +4 great sword!
* * * LOW HITPOINT WARNING * * *
You feel drained.
* * * LOW HITPOINT WARNING * * *
It was a potion of flight.
You feel very buoyant.
You fly up into the air.
The wight hits you with a +4 great sword!
You die...

###.### #.##.........#
.......#### #........#####
....... ..# #########.#
.......##.# ##.........#####
........#z####.....#######...
..>..>..zz..z..###### #......
..........##zz.# ☼○○. #######
..(....#####z###..○○° ○○○...#
####### #@###...°○ °○○○○○#
#...#$$.☼○ .#.#°○# #(.©#©).Y○
..)©°.# ##..#?$.°. .#.#○°#
####°.°☼. °○○○°○# #☼○.○○
°○.○○○ ☼°°°°########
#####......# ###.####


You could see an ice beast and 4 wights.

Vanquished Creatures
  An ogre (D:4)
  A kobold brigand (Sewer)
  A crimson imp (D:5)
  2 hounds
  A centaur skeleton (D:5)
  2 iguanas (D:4)
  An orc wizard (D:3)
  3 hound skeletons (D:4)
  Robin (D:3)
  2 adders
  4 gnolls (D:5)
  A river rat (Sewer)
  A white imp (D:5)
  An adder skeleton (D:4)
  A worm (D:3)
  7 orcs
  6 ball pythons
  11 endoplasms
  11 giant cockroaches
  11 goblins
  13 hobgoblins
  4 jackals
  5 quokkas
  3 bats
  A frilled lizard (D:3)
  13 kobolds
  6 rats
  A butterfly (D:5)
115 creatures vanquished.

Notes
Turn   | Place    | Note
-------+----------+-------------------------------------------
     0 | Abyss:1  | polve the Demonspawn Abyssal Knight began the quest for the
                  | Orb.
     0 | Abyss:1  | Reached XP level 1. HP: 18/18 MP: 2/2
    19 | Abyss:1  | Noticed an iron dragon zombie
    34 | Abyss:1  | Noticed a large abomination
    39 | D:1      | Escaped the Abyss
   308 | D:1      | Reached * piety under Lugonu
   309 | D:1      | Gained mutation: Your demonic aura sometimes causes spilled
                  | blood to erupt in flames. [demonic ancestry]
   309 | D:1      | Reached XP level 2. HP: 22/24 MP: 3/3
   918 | D:1      | Found Quxkunn's Magic Scroll Shop.
  1062 | D:1      | Gained mutation: You regenerate a little health from kills.
                  | [demonic ancestry]
  1062 | D:1      | Reached XP level 3. HP: 29/29 MP: 4/4
  1288 | D:2      | Found an opulent altar of Gozag.
  2158 | D:2      | Found Qaiz's General Store.
  2500 | D:3      | Found a stormy altar of Qazlal.
  2535 | D:3      | Found a sparkling altar of Nemelex Xobeh.
  2596 | D:3      | Reached ** piety under Lugonu
  2608 | D:3      | Gained mutation: You have sharp fingernails. [demonic
                  | ancestry]
  2608 | D:3      | Reached XP level 4. HP: 35/35 MP: 5/5
  2662 | D:3      | Noticed Robin
  2688 | D:3      | Killed Robin
  2689 | D:3      | Reached skill level 1 in Unarmed Combat
  2720 | D:3      | Reached skill level 2 in Unarmed Combat
  3287 | D:4      | Gained mutation: You are partially covered in yellow
                  | scales. (AC +2) [demonic ancestry]
  3287 | D:4      | Reached XP level 5. HP: 41/41 MP: 6/6
  3375 | D:4      | Reached skill level 3 in Unarmed Combat
  3467 | D:4      | Found a hide-covered altar of Uskayaw.
  3770 | D:4      | Reached skill level 4 in Unarmed Combat
  3770 | D:4      | Reached XP level 6. HP: 42/47 MP: 5/7
  4069 | D:5      | Entered Level 5 of the Dungeon
  4121 | D:5      | Reached skill level 5 in Unarmed Combat
  4136 | D:5      | Found Silasua's Weapon Shop.
  4140 | D:5      | Found a transporter.
  4210 | D:5      | Found a burning altar of Makhleb.
  4288 | D:5      | Found a staircase to the Ecumenical Temple.
  4626 | D:5      | Found a glowing drain.
  4637 | Sewer    | Entered a sewer
  4647 | Sewer    | Reached *** piety under Lugonu
  4724 | Sewer    | Reached XP level 7. HP: 20/52 MP: 5/8
  5006 | D:5      | Found a transporter.
  5048 | D:5      | Slain by a wight

Illustrated notes

Levels and vault maps discovered:
D:1:      evilmike_arrival_plus, layout_basic, serial_shops, shop
D:2:      layout_basic, serial_shops, shop, basic_altar, serial_park_tiny_1,
          kennysheep_generic_room_10
D:3:      layout_loops_ring, nemelex_xobeh_ov_fountains_minmay,
          grunt_qazlal_clouds, uniq_robin
D:4:      layout_loops_ring, kennysheep_mini_moat
D:5:      gammafunk_cloud_chamber, layout_loops_cross, makhleb_grotto_becter,
          minmay_temple_entry_butterflies, portal_sewer_entry_f, serial_shops,
          nicolae_shop_crystal, uniq_crazy_yiuf_cottage

Skill      XL: |  1  2  3  4  5  6 |
---------------+-------------------+-----
Short Blades   | 2 3 4 |  4.0
Unarmed Combat | 2 4 5 |  5.9
Fighting       | |  3.0
Armour         | |  1.7
Dodging        | |  0.8
Invocations    | |  2.4

Action                   |  1- 3 |  4- 6 |  7- 9 || total
-------------------------+-------+-------+-------++-------
Melee: Short sword       |     8 |       |       ||     8
       Whip              |    55 |       |       ||    55
       Dagger            |    76 |   224 |       ||   300
       Punch             |       |     1 |     1 ||     2
       Unarmed           |       |    42 |    48 ||    90
Invok: Depart the Abyss  |     1 |       |       ||     1
  Use: Scroll            |     2 |       |       ||     2
       Potion            |       |     1 |     1 ||     2
 Stab: Sleeping          |     1 |       |       ||     1
Armor: Leather armour    |    44 |       |       ||    44
       Chain mail        |    10 |   179 |    37 ||   226
Dodge: Dodged            |    61 |    73 |    18 ||   152

Table legend: (Time is in decaauts)
 A = Elapsed time spent in this place.
 B = Non-inter-level travel time spent in this place.
 C = Inter-level travel time spent in this place.
 D = Time resting spent in this place.
 E = Time spent auto-exploring this place.
 F = Levels seen in this place.
 G = Mean time per level.
                   A        B        C        D        E       F      G
               +--------+--------+--------+--------+--------+-----+--------+
         Total |   5009 |   4759 |    250 |      0 |   3944 |   7 |  715.6 |
       Dungeon |   4704 |   4454 |    250 |      0 |   3726 |   5 |  940.8 |
         Abyss |     39 |     39 |      0 |      0 |     19 |   1 |   39.0 |
         Sewer |    266 |    266 |      0 |      0 |    199 |   1 |  266.0 |
               +--------+--------+--------+--------+--------+-----+--------+

Top non-repeatable levels by time:
     D:2: 1218 daAuts
     D:1: 1145 daAuts
     D:3: 844 daAuts
     D:4: 777 daAuts
     D:5: 718 daAuts
   Sewer: 266 daAuts
 Abyss:1: 39 daAuts
